Oilers vs Sharks
Created - 2 avril 2013 at 19:00
Goals
|
| Oilers |
1 |
0 |
0 |
1 |
| Sharks |
1 |
2 |
1 |
4 |
|
Shots
|
| Oilers |
12 |
4 |
11 |
27 |
| Sharks |
7 |
14 |
6 |
27 |
|
1st period
1. Sharks , Henrik Sedin 42 (Mikko Koivu, Georges Laraque) at 9:43
2. Oilers , Pavel Datsyuk 35 (Patrick Marleau, Pierre-Marc Bouchard) at 17:28
Penalties :
Patrick Marleau (Edm) for Hooking (Minor) at 0:30, Joe Callahan (Edm) for Hooking (Minor) at 5:59, Jiri Slegr (Edm) for Hooking (Minor) at 9:55, Marty Reasoner (Edm) for Interference (Minor) at 18:45
2nd period
3. Sharks , Henrik Sedin 43 (Daniel Sedin, Joni Pitkanen) at 0:33 (PP)
4. Sharks , Daniel Sedin 30 (Henrik Sedin, Antti Miettinen) at 6:52 (PP)
Penalties :
Joe Callahan (Edm) for Hooking (Minor) at 5:14, Antti Miettinen (SJS) for Hooking (Minor) at 16:02, Johnny Oduya (SJS) for Diving (Minor) at 19:00
3rd period
5. Sharks , Mikko Koivu 24 (Daniel Sedin) at 13:14
Penalties :
Mike Fisher (SJS) for Interference (Minor) at 9:37, Patrick Kaleta (Edm) for Hooking (Minor) at 15:26
Goalie Stats
Cam Ward (Edm), 23 saves from 27 shots - (0,852), L, 22-20-4, 60:00 minutes
Miika Kiprusoff (SJS), 26 saves from 27 shots - (0,963), W, 23-25-3, 60:00 minutes
Players Stats for Oilers
Player Name G A P +/- PIM S H SB GA TA FO MP PP MP PK MP
------------------------------------------------------------------------------------
Eric Nystrom 0 0 0 0 0 2 0 0 0 0 0/0 9:46 0:19 0:25
Ian White 0 0 0 -1 0 1 0 1 0 0 0/0 21:14 2:59 2:18
Ilya Kovalchuk 0 0 0 -1 0 6 1 0 3 1 3/4 18:52 2:41 2:17
Jiri Slegr 0 0 0 0 2 2 4 2 0 0 0/0 23:50 2:59 4:45
Joe Callahan 0 0 0 -1 4 1 2 2 0 0 0/0 22:07 2:58 3:46
Joe Pavelski 0 0 0 -1 0 1 0 0 0 1 5/7 15:46 2:49 0:00
Jonathan Toews 0 0 0 -1 0 2 1 0 0 0 3/11 12:06 2:18 0:21
Kurtis Foster 0 0 0 0 0 1 1 0 0 1 0/0 18:23 2:58 0:46
Mark Fistric 0 0 0 0 0 1 0 0 0 0 0/0 17:26 0:00 5:48
Martin Lapointe 0 0 0 0 0 2 1 1 0 1 0/1 14:15 0:27 5:31
Marty Reasoner 0 0 0 0 2 2 3 1 0 0 2/5 12:49 0:00 4:25
Pascal Dupuis 0 0 0 1 0 1 1 0 0 0 1/2 16:01 2:41 0:00
Patrick Kaleta 0 0 0 -1 2 1 1 1 1 0 1/1 12:11 0:00 0:00
Patrick Marleau 0 1 1 1 2 1 1 0 0 1 1/1 16:39 2:48 0:00
Pavel Datsyuk 1 0 1 1 0 2 1 0 1 0 6/14 10:09 0:00 4:19
Pierre-Marc Bouchard 0 1 1 -1 0 0 2 0 0 0 11/17 14:53 2:41 0:00
Rob Scuderi 0 0 0 0 0 1 1 3 0 1 0/0 17:10 0:00 5:21
Steve Begin 0 0 0 -1 0 0 0 0 1 0 1/1 14:55 1:07 5:26
Players Stats for Sharks
Player Name G A P +/- PIM S H SB GA TA FO MP PP MP PK MP
------------------------------------------------------------------------------------
Adam Mair 0 0 0 -1 0 0 3 0 0 0 1/1 8:10 0:00 1:35
Alexander Frolov 0 0 0 1 0 4 3 1 1 0 0/0 18:51 5:11 2:07
Andrei Markov 0 0 0 -1 0 1 1 3 0 1 0/0 28:51 6:55 3:09
Antti Miettinen 0 1 1 1 2 0 6 1 0 2 2/6 20:15 6:11 0:00
Bates Battaglia 0 0 0 -1 0 0 0 0 0 0 0/0 5:57 0:00 0:12
Bobby Ryan 0 0 0 0 0 2 2 0 0 1 0/0 11:20 0:00 0:00
Daniel Sedin 1 2 3 1 0 5 1 0 2 0 0/1 23:37 6:11 3:23
David Hale 0 0 0 1 0 0 0 0 0 1 0/0 9:15 0:00 0:00
Georges Laraque 0 1 1 1 0 1 2 1 0 0 1/1 15:52 5:11 0:00
Henrik Sedin 2 1 3 1 0 7 2 0 1 0 14/34 23:37 6:11 3:23
Johnny Oduya 0 0 0 1 2 1 1 1 1 0 0/0 20:59 4:27 1:54
Joni Pitkanen 0 1 1 -1 0 0 2 2 0 0 0/0 28:51 6:55 3:09
Keith Ballard 0 0 0 1 0 0 1 1 0 0 0/0 10:59 0:00 0:54
Mike Fisher 0 0 0 0 2 2 0 0 0 0 8/12 11:36 0:00 0:07
Mike Johnson 0 0 0 -1 0 1 0 0 0 0 0/0 5:37 0:00 0:00
Mikko Koivu 1 1 2 1 0 2 4 0 0 0 4/9 16:59 5:11 1:07
Sami Salo 0 0 0 1 0 0 2 0 1 1 0/0 21:54 4:27 2:48
Tomas Fleischmann 0 0 0 0 0 1 1 1 0 0 0/0 11:20 0:00 0:00
3 Stars
1 - Henrik Sedin (SJS)
2 - Daniel Sedin (SJS)
3 - Mikko Koivu (SJS)
Power Play
Oilers - 0 on 3 Attempt(s) - 0,00%
Sharks - 2 on 6 Attempt(s) - 33,33%
Penalty Kill
Oilers - 4 on 6 Attempt(s) - 66,67%
- Score 0 goal in Penalty Kill
Sharks - 3 on 3 Attempt(s) - 100,00%
- Score 0 goal in Penalty Kill
Official
Referees : VanMassenhoven Don and Dwyer Gord
Linesman : Brian Murphy and Jean Morin
Game Notes
Pavel Datsyuk is injured at 9:09 of 2nd period (Sprained Left Ankle)
1:49 of 3rd period - Sharks goal is going for a video replay. After video review, No Goal. The attacking player has interfered with a goalkeeper in his goal crease.
Finance
Level 1 -- Attendance: 5764 (96,07%) -- Ticket Income 461 120 $
Level 2 -- Attendance: 4754 (95,08%) -- Ticket Income 237 700 $
Level 3 -- Attendance: 2000 (100,00%) -- Ticket Income 60 000 $
Level 4 -- Attendance: 3705 (92,63%) -- Ticket Income 55 575 $
Luxury Box -- Attendance: 767 (76,70%) -- Ticket Income 138 060 $
Game was played at the Hockey Place Center
Total Attendance: 16990 (94,39%)
Total Ticket Income: 952 455 $
Total Income: 952 455 $
Oilers
5 vs 5 Forward
Center Left Wing Right Wing Time % Phy DF OF
1 Pierre-Marc Bouchard Ilya Kovalchuk Patrick Kaleta 32 1 2 2
2 Pavel Datsyuk Patrick Marleau Pascal Dupuis 32 1 2 2
3 Jonathan Toews Steve Begin Joe Pavelski 26 1 2 2
4 Marty Reasoner Eric Nystrom Martin Lapointe 10 1 3 1
5 vs 5 Defense
Defense Defense Time % Phy DF OF
1 Jiri Slegr Ian White 35 1 2 2
2 Kurtis Foster Joe Callahan 33 1 2 2
3 Rob Scuderi Mark Fistric 27 1 2 2
4 Ian White Jiri Slegr 5 2 1 2
PowerPlay Forward
Center Left Wing Right Wing Time % Phy DF OF
1 Pierre-Marc Bouchard Ilya Kovalchuk Pascal Dupuis 50 1 1 3
2 Pavel Datsyuk Patrick Marleau Joe Pavelski 50 1 1 3
PowerPlay Defense
Defense Defense Time % Phy DF OF
1 Ian White Jiri Slegr 50 0 2 3
2 Kurtis Foster Joe Callahan 50 0 2 3
Penalty Kill 4 Players Forward
Center Wing Time % Phy DF OF
1 Pavel Datsyuk Steve Begin 50 1 3 1
2 Marty Reasoner Martin Lapointe 50 1 3 1
Penalty Kill 4 Players Defense
Defense Defense Time % Phy DF OF
1 Rob Scuderi Joe Callahan 50 1 3 1
2 Jiri Slegr Mark Fistric 50 1 3 1
Penalty Kill - 3 Players Forward
Forward Time % Phy DF OF
1 Marty Reasoner 50 1 3 1
2 Pavel Datsyuk 50 1 3 1
Penalty Kill - 3 Players Defense
Defense Defense Time % Phy DF OF
1 Rob Scuderi Mark Fistric 50 1 4 0
2 Ian White Jiri Slegr 50 1 4 0
4 vs 4 Forward
Center Wing Time % Phy DF OF
1 Pavel Datsyuk Joe Pavelski 50 1 1 3
2 Pierre-Marc Bouchard Ilya Kovalchuk 50 1 1 3
4 vs 4 Defense
Defense Defense Time % Phy DF OF
1 Ian White Jiri Slegr 50 1 2 2
2 Kurtis Foster Joe Callahan 50 1 2 2
Last Minutes Offensive
Center Left Wing Right Wing Defense Defense
Pavel Datsyuk Ilya Kovalchuk Joe Pavelski Kurtis Foster Jiri Slegr
Last Minutes Defensive
Center Left Wing Right Wing Defense Defense
Pavel Datsyuk Ilya Kovalchuk Joe Pavelski Jiri Slegr Ian White
Goaltenders
Starting : Cam Ward
Backup : Byron Dafoe
Extra Forwards
Normal : Pavel Datsyuk, Joe Pavelski, Ilya Kovalchuk - PP : Jonathan Toews, Steve Begin - PK : Ilya Kovalchuk
Extra Defensemen
Normal : Kurtis Foster, Jiri Slegr, Ian White - PP : Jiri Slegr - PK : Ian White, Kurtis Foster
Penalty Shots
Ilya Kovalchuk, Pavel Datsyuk, Patrick Marleau, Joe Pavelski, Pierre-Marc Bouchard
Sharks
5 vs 5 Forward
Center Left Wing Right Wing Time % Phy DF OF
1 Henrik Sedin Daniel Sedin Antti Miettinen 40 1 2 2
2 Mikko Koivu Alexander Frolov Georges Laraque 30 1 2 2
3 Mike Fisher Tomas Fleischmann Bobby Ryan 20 1 2 2
4 Adam Mair Bates Battaglia Mike Johnson 10 1 2 2
5 vs 5 Defense
Defense Defense Time % Phy DF OF
1 Andrei Markov Joni Pitkanen 40 1 2 2
2 Johnny Oduya Sami Salo 30 1 2 2
3 Keith Ballard David Hale 20 1 2 2
4 Andrei Markov Joni Pitkanen 10 1 2 2
PowerPlay Forward
Center Left Wing Right Wing Time % Phy DF OF
1 Henrik Sedin Daniel Sedin Antti Miettinen 60 1 2 2
2 Mikko Koivu Alexander Frolov Georges Laraque 40 1 2 2
PowerPlay Defense
Defense Defense Time % Phy DF OF
1 Andrei Markov Joni Pitkanen 60 1 2 2
2 Johnny Oduya Sami Salo 40 1 2 2
Penalty Kill 4 Players Forward
Center Wing Time % Phy DF OF
1 Henrik Sedin Daniel Sedin 60 1 2 2
2 Mikko Koivu Alexander Frolov 40 1 2 2
Penalty Kill 4 Players Defense
Defense Defense Time % Phy DF OF
1 Andrei Markov Joni Pitkanen 60 1 2 2
2 Johnny Oduya Sami Salo 40 1 2 2
Penalty Kill - 3 Players Forward
Forward Time % Phy DF OF
1 Henrik Sedin 60 1 2 2
2 Daniel Sedin 40 1 2 2
Penalty Kill - 3 Players Defense
Defense Defense Time % Phy DF OF
1 Andrei Markov Joni Pitkanen 60 1 2 2
2 Johnny Oduya Sami Salo 40 1 2 2
4 vs 4 Forward
Center Wing Time % Phy DF OF
1 Henrik Sedin Daniel Sedin 60 1 2 2
2 Mikko Koivu Alexander Frolov 40 1 2 2
4 vs 4 Defense
Defense Defense Time % Phy DF OF
1 Andrei Markov Joni Pitkanen 60 1 2 2
2 Johnny Oduya Sami Salo 40 1 2 2
Last Minutes Offensive
Center Left Wing Right Wing Defense Defense
Henrik Sedin Daniel Sedin Antti Miettinen Andrei Markov Joni Pitkanen
Last Minutes Defensive
Center Left Wing Right Wing Defense Defense
Henrik Sedin Daniel Sedin Antti Miettinen Andrei Markov Keith Ballard
Goaltenders
Starting : Miika Kiprusoff
Backup : Martin Biron
Extra Forwards
Normal : Mike Fisher, Bobby Ryan, Adam Mair - PP : Mike Fisher, Bobby Ryan - PK : Adam Mair
Extra Defensemen
Normal : David Hale, Johnny Oduya, Keith Ballard - PP : David Hale - PK : Johnny Oduya, Keith Ballard
Penalty Shots
Henrik Sedin, Daniel Sedin, Mikko Koivu, Alexander Frolov, Bobby Ryan
% Time on Ice - Oilers
Lines # - Real PCT - Wanted PCT - Time Play
Normal Forward
1 - 31% - 32% - 13:03
2 - 32% - 32% - 13:29
3 - 19% - 26% - 7:59
4 - 19% - 10% - 8:10
Normal Defense
1 - 37% - 35% - 15:54
2 - 36% - 33% - 15:25
3 - 27% - 27% - 11:22
4 - 0% - 5% - 0:00
PP Forward
1 - 45% - 50% - 2:41
2 - 55% - 50% - 3:16
PP Defense
1 - 50% - 50% - 2:59
2 - 50% - 50% - 2:58
PK Forward
1 - 49% - 50% - 5:37
2 - 51% - 50% - 5:45
PK Defense
1 - 49% - 50% - 5:34
2 - 51% - 50% - 5:48
PK3 Forward
1 - 0% - 50%
2 - 0% - 50%
PK3 Defense
1 - 0% - 50%
2 - 0% - 50%
44 Forward
1 - 0% - 50%
2 - 0% - 50%
44 Defense
1 - 0% - 50%
2 - 0% - 50%
Last Minute Offensive - 0:00
Last Minute Defensive - 0:00
Total
Forward - 60:00
Defense - 60:00
|
% Time on Ice - Sharks
Lines # - Real PCT - Wanted PCT - Time Play
Normal Forward
1 - 35% - 40% - 15:03
2 - 25% - 30% - 10:41
3 - 27% - 20% - 11:20
4 - 13% - 10% - 5:37
Normal Defense
1 - 42% - 40% - 18:04
2 - 34% - 30% - 14:39
3 - 22% - 20% - 9:15
4 - 2% - 10% - 0:43
PP Forward
1 - 54% - 60% - 6:11
2 - 46% - 40% - 5:11
PP Defense
1 - 61% - 60% - 6:55
2 - 39% - 40% - 4:27
PK Forward
1 - 81% - 60% - 4:50
2 - 19% - 40% - 1:07
PK Defense
1 - 53% - 60% - 3:09
2 - 47% - 40% - 2:48
PK3 Forward
1 - 0% - 60%
2 - 0% - 40%
PK3 Defense
1 - 0% - 60%
2 - 0% - 40%
44 Forward
1 - 0% - 60%
2 - 0% - 40%
44 Defense
1 - 0% - 60%
2 - 0% - 40%
Last Minute Offensive - 0:00
Last Minute Defensive - 0:00
Total
Forward - 60:00
Defense - 60:00
|
Play by Play
1st period
0:01 of 1st period - Pierre-Marc Bouchard wins face-off versus Henrik Sedin in neutral zone.
0:07 of 1st period - Off-side.
0:08 of 1st period - Pierre-Marc Bouchard wins face-off versus Henrik Sedin in neutral zone.
0:23 of 1st period - Snap shot by Ilya Kovalchuk.
0:23 of 1st period - Shot Blocked by Andrei Markov.
0:30 of 1st period - Minor Penalty to Patrick Marleau for Hooking.
0:31 of 1st period - Antti Miettinen wins face-off versus Pavel Datsyuk in Oilers zone.
2:23 of 1st period - Georges Laraque is hit by Jiri Slegr and loses puck.
2:30 of 1st period - Penalty to Patrick Marleau is over, Patrick Marleau is back on ice.
2:50 of 1st period - Snap shot by Patrick Marleau.
2:50 of 1st period - Shot Hit the Post.
2:58 of 1st period - Snap shot by Ilya Kovalchuk.
2:58 of 1st period - Shot Blocked by Georges Laraque.
3:00 of 1st period - Wrist shot by Mark Fistric.
3:00 of 1st period - Shot Misses the Net.
3:02 of 1st period - Slapshot by Mark Fistric.
3:02 of 1st period - Shot Misses the Net.
3:04 of 1st period - Wrist shot by Ilya Kovalchuk.
3:04 of 1st period - Stopped by Miika Kiprusoff without a rebound.
3:05 of 1st period - Mike Fisher wins face-off versus Jonathan Toews in Sharks zone.
3:05 of 1st period - Mike Fisher is hit by Jonathan Toews.
3:45 of 1st period - Wrist shot by Adam Mair.
3:45 of 1st period - Deflect By Bates Battaglia.
3:45 of 1st period - Shot Misses the Net.
3:45 of 1st period - Puck is out of play.
3:46 of 1st period - Adam Mair wins face-off versus Marty Reasoner in Oilers zone.
4:21 of 1st period - Off-side.
4:22 of 1st period - Mike Fisher wins face-off versus Pavel Datsyuk in neutral zone.
5:12 of 1st period - Slapshot by Ilya Kovalchuk.
5:12 of 1st period - Shot Misses the Net.
5:14 of 1st period - Wrist shot by Mark Fistric.
5:14 of 1st period - Shot Misses the Net.
5:16 of 1st period - Wrist shot by Rob Scuderi.
5:16 of 1st period - Stopped by Miika Kiprusoff without a rebound.
5:17 of 1st period - Henrik Sedin wins face-off versus Pavel Datsyuk in Sharks zone.
5:31 of 1st period - Snap shot by Jiri Slegr.
5:31 of 1st period - Stopped by Miika Kiprusoff with a rebound.
5:33 of 1st period - Slapshot by Jiri Slegr.
5:33 of 1st period - Stopped by Miika Kiprusoff with a rebound.
5:43 of 1st period - Jiri Slegr is hit by Mikko Koivu and loses puck.
5:59 of 1st period - Minor Penalty to Joe Callahan for Hooking.
6:00 of 1st period - Marty Reasoner wins face-off versus Henrik Sedin in Oilers zone.
7:21 of 1st period - Steve Begin is hit by Henrik Sedin.
7:31 of 1st period - Marty Reasoner is hit by Georges Laraque and loses puck.
7:59 of 1st period - Penalty to Joe Callahan is over, Joe Callahan is back on ice.
8:32 of 1st period - Slapshot by Ilya Kovalchuk.
8:32 of 1st period - Stopped by Miika Kiprusoff with a rebound.
8:34 of 1st period - Snap shot by Pascal Dupuis.
8:34 of 1st period - Stopped by Miika Kiprusoff with a rebound.
8:52 of 1st period - Adam Mair is hit by Marty Reasoner and loses puck.
9:09 of 1st period - Pierre-Marc Bouchard is hit by Tomas Fleischmann and loses puck.
9:39 of 1st period - Icing by Steve Begin.
9:40 of 1st period - Georges Laraque wins face-off versus Jonathan Toews in Oilers zone.
9:41 of 1st period - Snap shot by Mikko Koivu.
9:41 of 1st period - Shot Blocked by Ian White.
9:43 of 1st period - Wrist shot by Henrik Sedin.
9:43 of 1st period - Goal by Henrik Sedin - Oilers : 0 - Sharks : 1.
9:44 of 1st period - Pavel Datsyuk wins face-off versus Henrik Sedin in neutral zone.
9:49 of 1st period - Snap shot by Patrick Marleau.
9:49 of 1st period - Shot Blocked by Joni Pitkanen.
9:54 of 1st period - Off-side.
9:55 of 1st period - Antti Miettinen wins face-off versus Pavel Datsyuk in neutral zone.
9:55 of 1st period - Minor Penalty to Jiri Slegr for Hooking.
9:56 of 1st period - Pavel Datsyuk wins face-off versus Henrik Sedin in Oilers zone.
10:11 of 1st period - Ian White is hit by Antti Miettinen and loses puck.
10:22 of 1st period - Mark Fistric is hit by Alexander Frolov and loses puck.
10:29 of 1st period - Snap shot by Mikko Koivu.
10:29 of 1st period - Stopped by Cam Ward with a rebound.
11:38 of 1st period - Martin Lapointe is hit by Antti Miettinen and loses puck.
11:55 of 1st period - Penalty to Jiri Slegr is over, Jiri Slegr is back on ice.
11:59 of 1st period - Slapshot by Pavel Datsyuk.
11:59 of 1st period - Deflect By Ilya Kovalchuk.
11:59 of 1st period - Stopped by Miika Kiprusoff without a rebound.
12:00 of 1st period - Mike Fisher wins face-off versus Pierre-Marc Bouchard in Sharks zone.
12:26 of 1st period - Patrick Marleau is hit by Adam Mair and loses puck.
12:31 of 1st period - Snap shot by Adam Mair.
12:31 of 1st period - Shot Blocked by Jiri Slegr.
12:39 of 1st period - Snap shot by Adam Mair.
12:39 of 1st period - Deflect By Mike Johnson.
12:39 of 1st period - Stopped by Cam Ward without a rebound.
12:40 of 1st period - Mikko Koivu wins face-off versus Jonathan Toews in Oilers zone.
12:54 of 1st period - Snap shot by Georges Laraque.
12:54 of 1st period - Shot Blocked by Joe Callahan.
12:56 of 1st period - Slapshot by Alexander Frolov.
12:56 of 1st period - Stopped by Cam Ward without a rebound.
12:57 of 1st period - Pavel Datsyuk wins face-off versus Daniel Sedin in Oilers zone.
13:12 of 1st period - Slapshot by Patrick Marleau.
13:12 of 1st period - Stopped by Miika Kiprusoff without a rebound.
13:13 of 1st period - Patrick Kaleta wins face-off versus Mikko Koivu in Sharks zone.
13:22 of 1st period - Slapshot by Joni Pitkanen.
13:22 of 1st period - Shot Blocked by Rob Scuderi.
13:24 of 1st period - Snap shot by Mikko Koivu.
13:24 of 1st period - Shot Misses the Net.
13:26 of 1st period - Wrist shot by Alexander Frolov.
13:26 of 1st period - Stopped by Cam Ward without a rebound.
13:27 of 1st period - Pavel Datsyuk wins face-off versus Henrik Sedin in Oilers zone.
13:34 of 1st period - Antti Miettinen is hit by Pavel Datsyuk.
13:57 of 1st period - Joe Pavelski is hit by Joni Pitkanen.
14:19 of 1st period - Mikko Koivu is hit by Patrick Kaleta and loses puck.
14:26 of 1st period - Slapshot by Pierre-Marc Bouchard.
14:26 of 1st period - Shot Misses the Net.
15:13 of 1st period - Off-side.
15:14 of 1st period - Mike Fisher wins face-off versus Jonathan Toews in neutral zone.
15:17 of 1st period - Wrist shot by Tomas Fleischmann.
15:17 of 1st period - Shot Blocked by Jiri Slegr.
15:26 of 1st period - Snap shot by Steve Begin.
15:26 of 1st period - Shot Blocked by Andrei Markov.
15:28 of 1st period - Wrist shot by Steve Begin.
15:28 of 1st period - Shot Blocked by Joni Pitkanen.
15:47 of 1st period - Slapshot by Daniel Sedin.
15:47 of 1st period - Shot Misses the Net.
15:49 of 1st period - Slapshot by Johnny Oduya.
15:49 of 1st period - Deflect By Daniel Sedin.
15:49 of 1st period - Stopped by Cam Ward without a rebound.
15:50 of 1st period - Pierre-Marc Bouchard wins face-off versus Mikko Koivu in Oilers zone.
16:05 of 1st period - Pierre-Marc Bouchard is hit by Georges Laraque and loses puck.
17:28 of 1st period - Snap shot by Patrick Marleau.
17:28 of 1st period - Deflect By Pavel Datsyuk.
17:28 of 1st period - Goal by Pavel Datsyuk - Oilers : 1 - Sharks : 1.
17:29 of 1st period - Pierre-Marc Bouchard wins face-off versus Henrik Sedin in neutral zone.
17:54 of 1st period - Jiri Slegr is hit by Mikko Koivu and loses puck.
18:45 of 1st period - Minor Penalty to Marty Reasoner for Interference.
18:46 of 1st period - Henrik Sedin wins face-off versus Ilya Kovalchuk in Oilers zone.
19:01 of 1st period - Backhand shot by Henrik Sedin.
19:01 of 1st period - Shot Blocked by Martin Lapointe.
19:11 of 1st period - Mikko Koivu is hit by Joe Callahan and loses puck.
19:18 of 1st period - Snap shot by Pavel Datsyuk.
19:18 of 1st period - Shot Misses the Net.
19:20 of 1st period - Snap shot by Pavel Datsyuk.
19:20 of 1st period - Stopped by Miika Kiprusoff without a rebound.
19:21 of 1st period - Ilya Kovalchuk wins face-off versus Henrik Sedin in Sharks zone.
19:22 of 1st period - Wrist shot by Martin Lapointe.
19:22 of 1st period - Stopped by Miika Kiprusoff with a rebound.
19:24 of 1st period - Slapshot by Jiri Slegr.
19:24 of 1st period - Shot Blocked by Andrei Markov.
19:26 of 1st period - Backhand shot by Mark Fistric.
19:26 of 1st period - Stopped by Miika Kiprusoff without a rebound.
19:27 of 1st period - Henrik Sedin wins face-off versus Martin Lapointe in Sharks zone.
19:34 of 1st period - Slapshot by Andrei Markov.
19:34 of 1st period - Deflect By Rob Scuderi.
19:34 of 1st period - Stopped by Cam Ward with a rebound.
19:42 of 1st period - Slapshot by Daniel Sedin.
19:42 of 1st period - Shot Misses the Net.
2nd period
0:01 of 2nd period - Henrik Sedin wins face-off versus Pavel Datsyuk in neutral zone.
0:06 of 2nd period - Snap shot by Henrik Sedin.
0:06 of 2nd period - Deflect By Daniel Sedin.
0:06 of 2nd period - Shot Misses the Net.
0:06 of 2nd period - Puck is out of play.
0:07 of 2nd period - Pavel Datsyuk wins face-off versus Henrik Sedin in Oilers zone.
0:21 of 2nd period - Off-side.
0:22 of 2nd period - Ilya Kovalchuk wins face-off versus Antti Miettinen in neutral zone.
0:33 of 2nd period - Snap shot by Henrik Sedin.
0:33 of 2nd period - Goal by Henrik Sedin - Oilers : 1 - Sharks : 2.
0:34 of 2nd period - Henrik Sedin wins face-off versus Pierre-Marc Bouchard in neutral zone.
1:16 of 2nd period - Icing by Andrei Markov.
1:17 of 2nd period - Mike Fisher wins face-off versus Jonathan Toews in Sharks zone.
1:48 of 2nd period - Wrist shot by Georges Laraque.
1:48 of 2nd period - Stopped by Cam Ward without a rebound.
1:49 of 2nd period - Pierre-Marc Bouchard wins face-off versus Mikko Koivu in Oilers zone.
1:56 of 2nd period - Snap shot by Mikko Koivu.
1:56 of 2nd period - Shot Misses the Net.
2:13 of 2nd period - Alexander Frolov is hit by Joe Callahan and loses puck.
2:42 of 2nd period - Icing by Joe Callahan.
2:43 of 2nd period - Pierre-Marc Bouchard wins face-off versus Antti Miettinen in Oilers zone.
3:22 of 2nd period - Icing by Ilya Kovalchuk.
3:23 of 2nd period - Mike Fisher wins face-off versus Pierre-Marc Bouchard in Oilers zone.
3:24 of 2nd period - Snap shot by Tomas Fleischmann.
3:24 of 2nd period - Shot Misses the Net.
3:28 of 2nd period - Slapshot by Mike Fisher.
3:28 of 2nd period - Stopped by Cam Ward without a rebound.
3:29 of 2nd period - Mike Fisher wins face-off versus Pavel Datsyuk in Oilers zone.
4:08 of 2nd period - Off-side.
4:09 of 2nd period - Mikko Koivu wins face-off versus Pavel Datsyuk in neutral zone.
4:20 of 2nd period - Snap shot by Patrick Marleau.
4:20 of 2nd period - Shot Blocked by Alexander Frolov.
4:22 of 2nd period - Slapshot by Ian White.
4:22 of 2nd period - Stopped by Miika Kiprusoff with a rebound.
4:57 of 2nd period - Eric Nystrom is hit by Keith Ballard and loses puck.
5:14 of 2nd period - Minor Penalty to Joe Callahan for Hooking.
5:15 of 2nd period - Pavel Datsyuk wins face-off versus Henrik Sedin in Oilers zone.
5:40 of 2nd period - Alexander Frolov is hit by Jiri Slegr and loses puck.
6:34 of 2nd period - Wrist shot by Daniel Sedin.
6:34 of 2nd period - Stopped by Cam Ward with a rebound.
6:36 of 2nd period - Snap shot by Henrik Sedin.
6:36 of 2nd period - Shot Misses the Net.
6:38 of 2nd period - Snap shot by Henrik Sedin.
6:38 of 2nd period - Shot Misses the Net.
6:40 of 2nd period - Slapshot by Henrik Sedin.
6:40 of 2nd period - Stopped by Cam Ward without a rebound.
6:41 of 2nd period - Steve Begin wins face-off versus Henrik Sedin in Oilers zone.
6:52 of 2nd period - Wrist shot by Daniel Sedin.
6:52 of 2nd period - Goal by Daniel Sedin - Oilers : 1 - Sharks : 3.
6:53 of 2nd period - Henrik Sedin wins face-off versus Pavel Datsyuk in neutral zone.
7:33 of 2nd period - Ilya Kovalchuk is hit by Mikko Koivu and loses puck.
8:49 of 2nd period - Ilya Kovalchuk is hit by Joni Pitkanen and loses puck.
9:08 of 2nd period - Pavel Datsyuk is hit by Sami Salo and loses puck.
9:09 of 2nd period - Pavel Datsyuk from Oilers is injured at 9:09 of 2nd period (Sprained Left Ankle).
9:10 of 2nd period - Joe Pavelski wins face-off versus Henrik Sedin in Oilers zone.
9:10 of 2nd period - Joe Pavelski is hit by Daniel Sedin.
9:18 of 2nd period - Slapshot by Pascal Dupuis.
9:18 of 2nd period - Shot Misses the Net.
9:23 of 2nd period - Icing by Antti Miettinen.
9:24 of 2nd period - Joe Pavelski wins face-off versus Henrik Sedin in Sharks zone.
10:01 of 2nd period - Slapshot by Mark Fistric.
10:01 of 2nd period - Deflect By Martin Lapointe.
10:01 of 2nd period - Stopped by Miika Kiprusoff with a rebound.
10:13 of 2nd period - Slapshot by Andrei Markov.
10:13 of 2nd period - Shot Blocked by Patrick Kaleta.
10:37 of 2nd period - Wrist shot by Mike Fisher.
10:37 of 2nd period - Shot Blocked by Rob Scuderi.
10:39 of 2nd period - Slapshot by Bobby Ryan.
10:39 of 2nd period - Stopped by Cam Ward without a rebound.
10:40 of 2nd period - Joe Pavelski wins face-off versus Mike Fisher in Oilers zone.
10:40 of 2nd period - Joe Pavelski is hit by Bobby Ryan.
11:09 of 2nd period - Snap shot by Martin Lapointe.
11:09 of 2nd period - Shot Blocked by Tomas Fleischmann.
11:25 of 2nd period - Wrist shot by Mike Fisher.
11:25 of 2nd period - Stopped by Cam Ward without a rebound.
11:26 of 2nd period - Henrik Sedin wins face-off versus Joe Pavelski in Oilers zone.
11:29 of 2nd period - Wrist shot by Henrik Sedin.
11:29 of 2nd period - Stopped by Cam Ward without a rebound.
11:30 of 2nd period - Henrik Sedin wins face-off versus Pascal Dupuis in Oilers zone.
11:33 of 2nd period - Backhand shot by Henrik Sedin.
11:33 of 2nd period - Stopped by Cam Ward with a rebound.
11:35 of 2nd period - Wrist shot by Henrik Sedin.
11:35 of 2nd period - Deflect By Jiri Slegr.
11:35 of 2nd period - Stopped by Cam Ward with a rebound.
11:37 of 2nd period - Snap shot by Antti Miettinen.
11:37 of 2nd period - Shot Misses the Net.
12:29 of 2nd period - Snap shot by Marty Reasoner.
12:29 of 2nd period - Shot Misses the Net.
12:45 of 2nd period - Backhand shot by Henrik Sedin.
12:45 of 2nd period - Stopped by Cam Ward with a rebound.
12:47 of 2nd period - Snap shot by Daniel Sedin.
12:47 of 2nd period - Stopped by Cam Ward without a rebound.
12:48 of 2nd period - Joe Pavelski wins face-off versus Antti Miettinen in Oilers zone.
12:48 of 2nd period - Joe Pavelski is hit by Antti Miettinen.
13:04 of 2nd period - Pascal Dupuis is hit by Antti Miettinen and loses puck.
13:11 of 2nd period - Johnny Oduya is hit by Rob Scuderi and loses puck.
13:26 of 2nd period - Wrist shot by Henrik Sedin.
13:26 of 2nd period - Deflect By Joe Pavelski.
13:26 of 2nd period - Shot Misses the Net.
13:26 of 2nd period - Puck is out of play.
13:27 of 2nd period - Mikko Koivu wins face-off versus Pierre-Marc Bouchard in Oilers zone.
13:52 of 2nd period - Bobby Ryan is hit by Marty Reasoner and loses puck.
14:15 of 2nd period - Slapshot by Joe Pavelski.
14:15 of 2nd period - Shot Misses the Net.
14:17 of 2nd period - Slapshot by Kurtis Foster.
14:17 of 2nd period - Shot Misses the Net.
14:27 of 2nd period - Snap shot by Ilya Kovalchuk.
14:27 of 2nd period - Stopped by Miika Kiprusoff with a rebound.
14:29 of 2nd period - Backhand shot by Ilya Kovalchuk.
14:29 of 2nd period - Shot Misses the Net.
14:31 of 2nd period - Wrist shot by Ilya Kovalchuk.
14:31 of 2nd period - Shot Hit the Post.
15:29 of 2nd period - Henrik Sedin is hit by Pascal Dupuis and loses puck.
15:37 of 2nd period - Icing by Joni Pitkanen.
15:38 of 2nd period - Pierre-Marc Bouchard wins face-off versus Henrik Sedin in Sharks zone.
15:45 of 2nd period - Snap shot by Ilya Kovalchuk.
15:45 of 2nd period - Shot Blocked by Antti Miettinen.
15:53 of 2nd period - Daniel Sedin is hit by Patrick Marleau.
16:02 of 2nd period - Minor Penalty to Antti Miettinen for Hooking.
16:03 of 2nd period - Henrik Sedin wins face-off versus Pierre-Marc Bouchard in Sharks zone.
16:26 of 2nd period - Daniel Sedin is hit by Pierre-Marc Bouchard and loses puck.
18:02 of 2nd period - Penalty to Antti Miettinen is over, Antti Miettinen is back on ice.
18:10 of 2nd period - Off-side.
18:11 of 2nd period - Mike Fisher wins face-off versus Marty Reasoner in neutral zone.
18:20 of 2nd period - Snap shot by Bobby Ryan.
18:20 of 2nd period - Shot Misses the Net.
18:22 of 2nd period - Wrist shot by Bobby Ryan.
18:22 of 2nd period - Stopped by Cam Ward without a rebound.
18:23 of 2nd period - Pierre-Marc Bouchard wins face-off versus Henrik Sedin in Oilers zone.
18:23 of 2nd period - Pierre-Marc Bouchard is hit by Henrik Sedin.
18:29 of 2nd period - Daniel Sedin is hit by Pierre-Marc Bouchard and loses puck.
18:36 of 2nd period - Slapshot by Henrik Sedin.
18:36 of 2nd period - Shot Misses the Net.
18:38 of 2nd period - Snap shot by Henrik Sedin.
18:38 of 2nd period - Shot Misses the Net.
18:59 of 2nd period - Slapshot by Ilya Kovalchuk.
18:59 of 2nd period - Shot Blocked by Johnny Oduya.
19:00 of 2nd period - Minor Penalty to Johnny Oduya for Diving.
19:01 of 2nd period - Patrick Marleau wins face-off versus Henrik Sedin in Sharks zone.
19:02 of 2nd period - Snap shot by Joe Pavelski.
19:02 of 2nd period - Stopped by Miika Kiprusoff with a rebound.
19:08 of 2nd period - Snap shot by Joe Pavelski.
19:08 of 2nd period - Shot Misses the Net.
3rd period
0:01 of 3rd period - Pierre-Marc Bouchard wins face-off versus Henrik Sedin in neutral zone.
0:51 of 3rd period - Jiri Slegr is hit by Adam Mair and loses puck.
0:58 of 3rd period - Keith Ballard is hit by Jiri Slegr and loses puck.
1:00 of 3rd period - Penalty to Johnny Oduya is over, Johnny Oduya is back on ice.
1:31 of 3rd period - Sami Salo is hit by Martin Lapointe and loses puck.
1:45 of 3rd period - Snap shot by Alexander Frolov.
1:45 of 3rd period - Shot Misses the Net.
1:47 of 3rd period - Slapshot by Sami Salo.
1:47 of 3rd period - Shot Misses the Net.
1:49 of 3rd period - Snap shot by Johnny Oduya.
1:49 of 3rd period - Sharks goal is going for a video replay.
1:49 of 3rd period - The goal is refused. The attacking player has interfered with a goalkeeper in his goal crease..
1:50 of 3rd period - Henrik Sedin wins face-off versus Jonathan Toews in Oilers zone.
1:57 of 3rd period - Antti Miettinen is hit by Kurtis Foster and loses puck.
2:27 of 3rd period - Snap shot by Tomas Fleischmann.
2:27 of 3rd period - Stopped by Cam Ward without a rebound.
2:28 of 3rd period - Pascal Dupuis wins face-off versus Henrik Sedin in Oilers zone.
2:37 of 3rd period - Wrist shot by Patrick Marleau.
2:37 of 3rd period - Shot Blocked by Keith Ballard.
3:08 of 3rd period - Mike Fisher is hit by Jiri Slegr.
3:19 of 3rd period - Patrick Marleau is hit by Alexander Frolov.
3:23 of 3rd period - Rob Scuderi is hit by Mikko Koivu and loses puck.
3:34 of 3rd period - Ilya Kovalchuk is hit by Adam Mair and loses puck.
4:01 of 3rd period - Snap shot by Marty Reasoner.
4:01 of 3rd period - Stopped by Miika Kiprusoff without a rebound.
4:02 of 3rd period - Henrik Sedin wins face-off versus Marty Reasoner in Sharks zone.
4:24 of 3rd period - Wrist shot by Eric Nystrom.
4:24 of 3rd period - Stopped by Miika Kiprusoff without a rebound.
4:25 of 3rd period - Mikko Koivu wins face-off versus Pierre-Marc Bouchard in Sharks zone.
4:32 of 3rd period - Wrist shot by Ilya Kovalchuk.
4:32 of 3rd period - Stopped by Miika Kiprusoff with a rebound.
4:34 of 3rd period - Wrist shot by Patrick Kaleta.
4:34 of 3rd period - Stopped by Miika Kiprusoff with a rebound.
4:36 of 3rd period - Slapshot by Joe Callahan.
4:36 of 3rd period - Stopped by Miika Kiprusoff with a rebound.
4:38 of 3rd period - Snap shot by Ilya Kovalchuk.
4:38 of 3rd period - Stopped by Miika Kiprusoff with a rebound.
4:40 of 3rd period - Snap shot by Kurtis Foster.
4:40 of 3rd period - Stopped by Miika Kiprusoff without a rebound.
4:41 of 3rd period - Jonathan Toews wins face-off versus Henrik Sedin in Sharks zone.
5:17 of 3rd period - Mikko Koivu is hit by Ilya Kovalchuk and loses puck.
6:32 of 3rd period - Snap shot by Alexander Frolov.
6:32 of 3rd period - Shot Blocked by Rob Scuderi.
6:34 of 3rd period - Slapshot by Alexander Frolov.
6:34 of 3rd period - Stopped by Cam Ward with a rebound.
6:36 of 3rd period - Slapshot by Georges Laraque.
6:36 of 3rd period - Shot Blocked by Marty Reasoner.
6:38 of 3rd period - Snap shot by Georges Laraque.
6:38 of 3rd period - Shot Misses the Net.
7:34 of 3rd period - Wrist shot by Henrik Sedin.
7:34 of 3rd period - Shot Misses the Net.
7:58 of 3rd period - Joe Pavelski is hit by Alexander Frolov and loses puck.
8:13 of 3rd period - Patrick Kaleta is hit by Johnny Oduya and loses puck.
8:32 of 3rd period - Patrick Marleau is hit by Antti Miettinen and loses puck.
8:49 of 3rd period - Jiri Slegr is hit by Andrei Markov and loses puck.
9:37 of 3rd period - Minor Penalty to Mike Fisher for Interference.
9:38 of 3rd period - Henrik Sedin wins face-off versus Joe Pavelski in Sharks zone.
10:55 of 3rd period - Wrist shot by Alexander Frolov.
10:55 of 3rd period - Stopped by Cam Ward with a rebound.
11:37 of 3rd period - Penalty to Mike Fisher is over, Mike Fisher is back on ice.
12:04 of 3rd period - Slapshot by Joni Pitkanen.
12:04 of 3rd period - Deflect By Mikko Koivu.
12:04 of 3rd period - Shot Misses the Net.
12:04 of 3rd period - Puck is out of play.
12:05 of 3rd period - Pierre-Marc Bouchard wins face-off versus Mikko Koivu in Oilers zone.
12:24 of 3rd period - Snap shot by Daniel Sedin.
12:24 of 3rd period - Stopped by Cam Ward without a rebound.
12:25 of 3rd period - Henrik Sedin wins face-off versus Jonathan Toews in Oilers zone.
12:48 of 3rd period - Wrist shot by Jonathan Toews.
12:48 of 3rd period - Stopped by Miika Kiprusoff without a rebound.
12:49 of 3rd period - Pierre-Marc Bouchard wins face-off versus Mike Fisher in Sharks zone.
13:14 of 3rd period - Slapshot by Mikko Koivu.
13:14 of 3rd period - Goal by Mikko Koivu - Oilers : 1 - Sharks : 4.
13:15 of 3rd period - Henrik Sedin wins face-off versus Jonathan Toews in neutral zone.
13:22 of 3rd period - Wrist shot by Henrik Sedin.
13:22 of 3rd period - Shot Misses the Net.
14:02 of 3rd period - Icing by Eric Nystrom.
14:03 of 3rd period - Marty Reasoner wins face-off versus Mike Fisher in Oilers zone.
14:03 of 3rd period - Marty Reasoner is hit by Bobby Ryan.
14:13 of 3rd period - Snap shot by Marty Reasoner.
14:13 of 3rd period - Stopped by Miika Kiprusoff without a rebound.
14:14 of 3rd period - Jonathan Toews wins face-off versus Antti Miettinen in Sharks zone.
15:03 of 3rd period - Slapshot by Sami Salo.
15:03 of 3rd period - Deflect By Mike Fisher.
15:03 of 3rd period - Shot Blocked by Joe Callahan.
15:03 of 3rd period - Puck is out of play.
15:04 of 3rd period - Joe Pavelski wins face-off versus Mike Fisher in Oilers zone.
15:26 of 3rd period - Minor Penalty to Patrick Kaleta for Hooking.
15:27 of 3rd period - Ilya Kovalchuk wins face-off versus Henrik Sedin in Oilers zone.
15:27 of 3rd period - Ilya Kovalchuk is hit by Antti Miettinen.
16:25 of 3rd period - Snap shot by Jonathan Toews.
16:25 of 3rd period - Stopped by Miika Kiprusoff without a rebound.
16:26 of 3rd period - Jonathan Toews wins face-off versus Mikko Koivu in Sharks zone.
16:53 of 3rd period - Mark Fistric is hit by Sami Salo and loses puck.
17:26 of 3rd period - Penalty to Patrick Kaleta is over, Patrick Kaleta is back on ice.
18:21 of 3rd period - David Hale is hit by Marty Reasoner and loses puck.
18:41 of 3rd period - Wrist shot by Patrick Kaleta.
18:41 of 3rd period - Shot Misses the Net.
19:01 of 3rd period - Wrist shot by Adam Mair.
19:01 of 3rd period - Shot Hit the Post.
19:55 of 3rd period - Snap shot by Eric Nystrom.
19:55 of 3rd period - Stopped by Miika Kiprusoff with a rebound.
Output by the SimonT Hockey Simulator (STHS) for François Prévost -- Original Page W3C XHTML 1.0 Valid